 Dungeon Crawl Stone Soup version 0.30-a0-847-g17996783a1 (webtiles) character file.

Game seed: 15381230589090932607

65 Darius099 the Chopper (level 3, -1/33 HPs)
             Began as a Minotaur Fighter on Mar 4, 2023.
             Slain by a gnoll
             ... wielding a +0 whip
              (2 damage)
             ... on level 3 of the Dungeon.
             The game lasted 00:03:07 (1370 turns).

Darius099 the Chopper (Minotaur Fighter)            Turns: 1370, Time: 00:03:07

Health: -1/33      AC:  9    Str: 22    XL:     3   Next: 94%
Magic:  2/2        EV:  7    Int:  5    God:
Gold:   63         SH:  4    Dex:  9    Spells: 2/2 levels left

rFire   . . .      SeeInvis .    a - +0 war axe
rCold   . . .      Faith    .    c - +0 buckler
rNeg    . . .      Spirit   .    i - +0 chain mail
rPois   .          Reflect  .    (helmet restricted)
rElec   .          Rampage  .    (no cloak)
rCorr   .                        (no gloves)
Will    .....                    (no boots) Stlth
                                 (no amulet)
HPRegen 0.25/turn                (no ring)
MPRegen 0.08/turn                (no ring)

@: no status effects
A: horns 2, retaliatory headbutt
a: no special abilities


You were on level 3 of the Dungeon.
You visited 1 branch of the dungeon, and saw 3 of its levels.

You collected 63 gold pieces.

Inventory:

Hand Weapons
 a - a +0 war axe (weapon)
Missiles
 k - 14 stones (quivered)
Armour
 c - a +0 buckler (worn)
 i - a +0 chain mail (worn)
Jewellery
 n - a ring of poison resistance
Scrolls
 e - 2 scrolls of teleportation {unknown}
 f - a scroll of blinking {unknown}
 g - a scroll of noise {unknown}
 h - 4 scrolls of identify {unknown}
 l - a scroll of fear {unknown}
 m - a scroll of amnesia {unknown}
Potions
 b - a potion of flight {unknown}
 d - a potion of might
 j - a potion of mutation {unknown}


   Skills:
 - Level 4.0 Fighting
 + Level 4.4 Axes
 - Level 3.9 Armour
 - Level 3.9 Shields


You had 2 spell levels left.
You didn't know any spells.
Your spell library contained the following spells:

 Spells                   Type           Power      Damage    Failure   Level
 Cigotuvi's Dreadful Rot  Necr/Pois/Air  0%         N/A       100%        2
 Poisonous Vapours        Pois/Air       0%         N/A       100%        2
 Mephitic Cloud           Conj/Pois/Air  0%         N/A       100%        3


Dungeon Overview and Level Annotations

Branches:
Dungeon (3/15)

Altars:
Vehumet


Innate Abilities, Weirdness & Mutations

You have a pair of horns on your head.
You reflexively headbutt those who attack you in melee.


Message History

You closely miss the adder. The adder bites you but does no damage.
The gnoll hits you but does no damage. x2
You closely miss the gnoll. You headbutt the gnoll.
The gnoll is heavily wounded.
You miss the adder. The adder bites you but does no damage.
You block the adder's attack. The gnoll hits you with a +0 whip.
The gnoll barely misses you.
You are too injured to fight recklessly!
You are too injured to fight recklessly!
You are too injured to fight recklessly!
You closely miss the gnoll.
The gnoll is heavily wounded.
You completely miss the adder. The adder bites you but does no damage.
The gnoll hits you from afar with a +0 halberd.
The gnoll barely misses you. The adder barely misses you.
You furiously retaliate!
You headbutt the adder.
The gnoll hits you from afar with a +0 halberd.
* * * LOW HITPOINT WARNING * * *
You block the gnoll's attack.
You hit the gnoll.
The gnoll is severely wounded.
You barely miss the adder. You block the adder's attack.
The gnoll hits you with a +0 whip.
* * * LOW HITPOINT WARNING * * *
The gnoll barely misses you. The adder bites you but does no damage.
You hit the gnoll but do no damage. You headbutt the gnoll.
The gnoll is almost dead.
You hit the adder. The adder barely misses you.
The gnoll hits you with a +0 whip.
* * * LOW HITPOINT WARNING * * *
The gnoll hits you but does no damage. The adder bites you but does no damage.
You hit the gnoll but do no damage.
The gnoll is almost dead.
You barely miss the adder. The gnoll barely misses you.
The gnoll completely misses you. The adder bites you.
* * * LOW HITPOINT WARNING * * *
The gnoll hits you from afar with a +0 halberd.
* * * LOW HITPOINT WARNING * * *
The gnoll hits you with a +0 whip.
You die...

#. #.
#. #.
##. #..
#gg####
#..@S.#
#.).#.#
#...# #
#..##
#.. ##.
.. ..


You could see 2 gnolls and an adder.

Vanquished Creatures
  A gnoll (D:3)
  2 adders (D:2)
  2 dart slugs (D:2)
  5 endoplasms
  3 giant cockroaches
  A goblin (D:1)
  3 hobgoblins
  A kobold (D:1)
  2 quokkas
  4 ball pythons (D:1)
  7 bats (D:1)
  A frilled lizard (D:2)
32 creatures vanquished.

Notes
Turn   | Place    | Note
-------+----------+-------------------------------------------
     0 | D:1      | Darius099 the Minotaur Fighter began the quest for the Orb.
     0 | D:1      | Reached XP level 1. HP: 19/19 MP: 0/0
   172 | D:1      | Reached XP level 2. HP: 27/27 MP: 1/1
   698 | D:2      | Reached XP level 3. HP: 33/33 MP: 2/2
   950 | D:2      | Found a radiant altar of Vehumet.
  1370 | D:3      | HP: 1/33 [gnoll/+0 halberd (3)]
  1370 | D:3      | Slain by a gnoll

Illustrated notes

Levels and vault maps discovered:
D:1:      onia_arrival_mini_spirals, layout_basic
D:2:      layout_loops_ring, basic_altar
D:3:      layout_basic, serial_corexii_hall, chequers_hall_statues_corner_a,
          chequers_hall_statues_corner_a, hellmonk_ecumenical_altar_run_dry,
          uniq_sigmund, uniq_jessica

Skill      XL: |  1  2  3 |
---------------+----------+-----
Fighting       | 4 |  4.0
Axes           | 3 4 |  4.4
Armour         | |  3.9
Shields        | |  3.9

Action                     || total
---------------------------++-------
  Melee: War axe           ||    57
         Headbutt          ||     5
 Armour: Scale mail        ||    13
         Chain mail        ||    26
  Dodge: Dodged            ||    31
  Block: Buckler           ||    18

Table legend: (Time is in decaauts)
 A = Elapsed time spent in this place.
 B = Non-inter-level travel time spent in this place.
 C = Inter-level travel time spent in this place.
 D = Time resting spent in this place.
 E = Time spent auto-exploring this place.
 F = Levels seen in this place.
 G = Mean time per level.
                   A        B        C        D        E       F      G
               +--------+--------+--------+--------+--------+-----+--------+
         Total |   1391 |   1300 |     91 |      0 |   1022 |   3 |  463.7 |
       Dungeon |   1391 |   1300 |     91 |      0 |   1022 |   3 |  463.7 |
               +--------+--------+--------+--------+--------+-----+--------+

Top non-repeatable levels by time:
     D:1: 702 daAuts
     D:2: 677 daAuts
     D:3: 11 daAuts
